 Dungeon Sprint DCSS version 0.30-a0-867-g305f33218d (webtiles) character file.

Game seed: 13503390333871523866

18297 BigDaddyOpFi the End of an Era (level 12, -5/122 HPs)
             Began as a Hill Orc Fighter on Mar 10, 2023.
             Was the Champion of Qazlal.
             Slain by a death cob (20 damage)
             ... in the Dungeon (Sprint VII: "The Pits").
             The game lasted 00:04:50 (3161 turns).

BigDaddyOpFi the End of an Era (Hill Orc Fighter)   Turns: 3161, Time: 00:04:51

Health: -5/122     AC: 25    Str: 24    XL:     12   Next: 57%
Magic:  21/27      EV:  7    Int:  8    God:    Qazlal [******]
Gold:   48         SH: 16    Dex: 13    Spells: 11/11 levels left

rFire   . . .      SeeInvis .    u - +2 war axe "Ifoemp" {pain, rElec}
rCold   . . .      Faith    .    c - +0 buckler
rNeg    . . .      Spirit   .    e - +2 plate armour
rPois   .          Reflect  .    t - +0 helmet
rElec   +          Rampage  .    (no cloak)
rCorr   .          NoTele   +    (no gloves)
Will    .....                    s - +0 pair of boots Stlth
                                 (no amulet)
HPRegen 0.40/turn                g - +3 ring of dexterity
MPRegen 0.20/turn                n - +3 ring of protection

@: slowed, repel missiles, very slow
A: no striking features
a: Renounce Religion, Upheaval, Elemental Force, Disaster Area


You were in the Dungeon.
You worshipped Qazlal.
Qazlal was exalted by your worship.
You visited 1 branch You collected 48 gold pieces.

Inventory:

Hand Weapons
 u - the +2 war axe "Ifoemp" (weapon) {pain, rElec}
   (You found it in the Dungeon)

   rElec:     It insulates you from electricity.
Armour
 a - the +3 hat of Pondering {ponderous, Will+ MP+10 Int+5}
   (You took it off Gastronok in the Dungeon)

   Int:       It affects your intelligence (+5).
   MP:        It affects your magic capacity (+10).
   Will:      It increases your willpower.
 c - a +0 buckler (worn)
 e - a +2 plate armour (worn)
 s - a +0 pair of boots (worn)
 t - a +0 helmet (worn)
Jewellery
 g - a +3 ring of dexterity (left hand)
 n - a +3 ring of protection (right hand)
 w - a ring of protection from fire
 x - a ring of ice
Wands
 d - a wand of quicksilver (1)
Scrolls
 b - 6 scrolls of enchant weapon
 j - 2 scrolls of blinking
 q - 2 scrolls of fear
 v - 4 scrolls of fog
 y - a scroll of identify
Potions
 f - 9 potions of curing
 h - 4 potions of magic
 i - 4 potions of berserk rage
 k - 2 potions of invisibility
 l - 11 potions of heal wounds
 m - a potion of cancellation {unknown}
 o - 2 potions of might
 p - a potion of brilliance
 r - 2 potions of haste


   Skills:
 + Level 15.9 Fighting
 + Level 17.3 Axes
 + Level 14.7 Armour
 + Level 14.8 Shields
 * Level 23.3 Invocations


You had 11 spell levels left.
You didn't know any spells.
Your spell library contained the following spells:

 Spells                   Type           Power      Damage    Failure   Level
 Manifold Assault         Tloc           0%         N/A       100%        4
 Dispersal                Tloc           0%         N/A       100%        6
 Disjunction              Tloc           0%         N/A       100%        8


Dungeon Overview and Level Annotations

Branches:
Dungeon (1/1)

Altars:
Ashenzari
Cheibriados
Dithmenos
Elyvilon
Fedhas
Gozag
Hepliaklqana
Kikubaaqudgha
Makhleb
Nemelex Xobeh
Okawaru
Qazlal
Ru
Sif Muna
Trog
Uskayaw
Vehumet
Wu Jian
Xom
Yredelemnul
Zin
The Shining One
Beogh
Jiyva
Lugonu


Message History

The death cob is heavily damaged.
The death cob hits you! The death cob drains your vigour!
You feel as though you will be slow longer.
The death cob hits you but does no damage.
You hit the death cob.
The death cob is heavily damaged.
You block the death cob's attack.
The death cob hits you but does no damage.
The death cob barely misses you.
You hit the death cob but do no damage.
The death cob is heavily damaged.
You block the death cob's attack. The death cob hits you!
The death cob barely misses you.
You hit the death cob but do no damage.
The death cob is heavily damaged.
The death cob barely misses you. The death cob hits you!
The death cob drains your vigour!
You feel as though you will be slow longer.
The death cob hits you but does no damage.
You hit the death cob but do no damage.
The death cob is heavily damaged.
The death cob hits you but does no damage.
You block the death cob's attack.
The death cob hits you but does no damage.
You slash the death cob!
The death cob is severely damaged.
The death cob hits you! You block the death cob's attack.
You closely miss the death cob.
The death cob is severely damaged.
The death cob is engulfed in freezing vapours.
The death cob hits you!!
The death cob is engulfed in freezing vapours.
The death cob hits you!!
* * * LOW HITPOINT WARNING * * *
The death cob hits you but does no damage.
You hit the death cob but do no damage.
The death cob is severely damaged.
The death cob is engulfed in freezing vapours.
The death cob hits you!!
You die...

#..#....#..#
+...≈......#
+......≈...#
#..#....#..#
#..........+
#..........+
###''####''#
###''####''#########
#.z@°..##..÷........
#.#°##.##..÷.)......
#.#)○'.##..#########
# ).)#.##..# .#..+
##..#
#++###########.+≈[#
#..# ........##..##
##+# #..#
.#......##..# #.)#
........†'..# #))#


You could see a death cob.

Vanquished Creatures
  Gastronok (D)
  A fire giant (D)
  An emperor scorpion (D)
  A balrug (D)
  A minotaur (D)
  A merfolk javelineer (D)
  An ogre mage (D)
  An alligator snapping turtle (D)
  A two-headed ogre (D)
  A death yak (D)
  A sun demon (D)
  A sea snake (D)
  A phantasmal warrior (D)
  A deep elf zephyrmancer (D)
  An elephant (D)
  A guardian serpent (D)
  2 gargoyles (D)
  A kobold demonologist (D)
  A yaktaur (D)
  An efreet (D)
  4 merfolk (D)
  2 trolls (D)
  2 tyrant leeches (D)
  A tarantella (D)
  A hellwing (D)
  A snapping turtle (D)
  A jumping spider (D)
  5 dream sheep (D)
  A large abomination (D)
  2 flying skulls (D)
  A spriggan (D)
  3 wraiths (D)
  A fire bat (D)
  2 steam dragons (D)
  Menkaure (D)
  A warg (D)
  An acid dragon (D)
  2 floating eyes (D)
  A small abomination (D)
  2 ogres (D)
  7 wolves (D)
  A centaur (D)
  3 kobold brigands (D)
  A bullfrog (D)
  A necrophage (D)
  A crimson imp (D)
  2 hounds (D)
  An orc priest (D)
  A gnoll bouda (D)
  A jelly (D)
  Jessica (D)
  An iguana (D)
  4 orc wizards (D)
  4 gnolls (D)
  A river rat (D)
  An adder (D)
  A white imp (D)
  5 orcs (D)
  A bat (D)
  A bat skeleton (D)
  2 endoplasms (D)
  6 jackals (D)
  2 quokkas (D)
  2 ball pythons (D)
  A frilled lizard (D)
  5 kobolds (D)
113 creatures vanquished.

Vanquished Creatures (others)
  An earth elemental (D)
  A jackal (D)
2 creatures vanquished.

Grand Total: 115 creatures vanquished

Notes
Turn   | Place    | Note
-------+----------+-------------------------------------------
     0 | D        | BigDaddyOpFi the Hill Orc Fighter began the quest for the
                  | Orb.
     0 | D        | Reached XP level 1. HP: 19/19 MP: 1/1
    21 | D        | Found a bloodstained altar of Trog.
    21 | D        | Found a shimmering blue altar of Sif Muna.
    21 | D        | Found a viscous altar of Jiyva.
    21 | D        | Found a hazy altar of Hepliaklqana.
    21 | D        | Found an opulent altar of Gozag.
    22 | D        | Found a glowing golden altar of the Shining One.
    22 | D        | Found a glowing silver altar of Zin.
    22 | D        | Found a basalt altar of Yredelemnul.
    22 | D        | Found a shimmering altar of Xom.
    22 | D        | Found an ornate altar of the Wu Jian Council.
    22 | D        | Found a sacrificial altar of Ru.
    22 | D        | Found a stormy altar of Qazlal.
    22 | D        | Found an iron altar of Okawaru.
    22 | D        | Found a sparkling altar of Nemelex Xobeh.
    22 | D        | Found a burning altar of Makhleb.
    22 | D        | Found a blossoming altar of Fedhas.
    22 | D        | Found a white marble altar of Elyvilon.
    22 | D        | Found a shadowy altar of Dithmenos.
    22 | D        | Found a snail-covered altar of Cheibriados.
    23 | D        | Found a radiant altar of Vehumet.
    23 | D        | Found a corrupted altar of Lugonu.
    23 | D        | Found a roughly hewn altar of Beogh.
    24 | D        | Found an ancient bone altar of Kikubaaqudgha.
    24 | D        | Found a hide-covered altar of Uskayaw.
    24 | D        | Found a broken altar of Ashenzari.
    27 | D        | Became a worshipper of Qazlal Stormbringer
    54 | D        | Reached skill level 1 in Invocations
    90 | D        | Reached * piety under Qazlal
    94 | D        | Reached skill level 2 in Invocations
    94 | D        | Reached XP level 2. HP: 27/27 MP: 3/3
    95 | D        | Reached ** piety under Qazlal
   101 | D        | Noticed a floating eye
   102 | D        | Noticed a flying skull
   103 | D        | Paralysed by a floating eye for 4 turns
   105 | D        | Killed a floating eye
   106 | D        | Reached skill level 5 in Fighting
   106 | D        | Reached skill level 5 in Axes
   106 | D        | Reached skill level 5 in Armour
   106 | D        | Reached skill level 5 in Shields
   106 | D        | Reached skill level 6 in Invocations
   106 | D        | Reached XP level 3. HP: 37/37 MP: 3/7
   106 | D        | Reached XP level 4. HP: 44/44 MP: 3/9
   106 | D        | Reached XP level 5. HP: 50/50 MP: 3/10
   108 | D        | Reached skill level 7 in Invocations
   110 | D        | Reached *** piety under Qazlal
   125 | D        | Killed a flying skull
   126 | D        | Reached skill level 9 in Invocations
   126 | D        | Reached XP level 6. HP: 15/60 MP: 5/13
   214 | D        | Reached **** piety under Qazlal
   215 | D        | Reached skill level 10 in Invocations
   238 | D        | Reached XP level 7. HP: 47/68 MP: 13/15
   249 | D        | Reached ***** piety under Qazlal
   257 | D        | Reached skill level 11 in Invocations
   384 | D        | Noticed Jessica
   390 | D        | Killed Jessica
   463 | D        | Noticed a death yak
   487 | D        | Killed a death yak
   488 | D        | Reached skill level 10 in Axes
   488 | D        | Reached skill level 13 in Invocations
   488 | D        | Reached XP level 8. HP: 34/78 MP: 15/18
   723 | D        | Noticed Menkaure
   727 | D        | Killed Menkaure
   740 | D        | Reached skill level 10 in Fighting
   740 | D        | Reached skill level 14 in Invocations
   802 | D        | Noticed a gargoyle
   803 | D        | Killed a gargoyle
   803 | D        | Reached ****** piety under Qazlal
   804 | D        | Reached skill level 15 in Invocations
   804 | D        | Reached XP level 9. HP: 86/86 MP: 10/20
   976 | D        | Got the +2 war axe "Ifoemp" {pain, rElec}
  1053 | D        | Noticed a troll
  1054 | D        | Killed a troll
  1055 | D        | Reached skill level 10 in Armour
  1055 | D        | Reached skill level 10 in Shields
  1104 | D        | Noticed a deep elf zephyrmancer
  1107 | D        | Killed a deep elf zephyrmancer
  1108 | D        | Reached skill level 16 in Invocations
  1204 | D        | Noticed a hellwing
  1214 | D        | Killed a hellwing
  1215 | D        | Reached XP level 10. HP: 93/96 MP: 14/22
  1248 | D        | Noticed a kobold demonologist
  1251 | D        | Killed a kobold demonologist
  1252 | D        | Reached skill level 17 in Invocations
  1253 | D        | Noticed an elephant
  1259 | D        | Noticed Gastronok
  1265 | D        | Killed Gastronok
  1266 | D        | Reached skill level 18 in Invocations
  1271 | D        | Killed an elephant
  1443 | D        | Noticed an emperor scorpion
  1444 | D        | Noticed a minotaur
  1450 | D        | Killed a minotaur
  1460 | D        | Killed an emperor scorpion
  1461 | D        | Reached skill level 19 in Invocations
  1461 | D        | Reached XP level 11. HP: 41/107 MP: 16/24
  1941 | D        | Noticed a phantasmal warrior
  1944 | D        | Killed a phantasmal warrior
  1945 | D        | Reached skill level 15 in Axes
  1945 | D        | Reached skill level 20 in Invocations
  1983 | D        | Noticed an alligator snapping turtle
  2009 | D        | Killed an alligator snapping turtle
  2515 | D        | Reached skill level 21 in Invocations
  2522 | D        | Noticed a sea snake
  2535 | D        | Killed a sea snake
  2543 | D        | Noticed a merfolk javelineer
  2552 | D        | Killed a merfolk javelineer
  2553 | D        | Reached XP level 12. HP: 59/118 MP: 17/26
  2778 | D        | Reached skill level 22 in Invocations
  2789 | D        | Reached skill level 15 in Fighting
  3148 | D        | Noticed a fire giant
  3148 | D        | Noticed a balrug
  3148 | D        | Noticed a death cob
  3148 | D        | Noticed an ogre mage
  3148 | D        | Noticed a two-headed ogre
  3149 | D        | Noticed a sun demon
  3151 | D        | Killed an ogre mage
  3151 | D        | Killed a two-headed ogre
  3151 | D        | Killed a sun demon
  3151 | D        | Killed a balrug
  3151 | D        | Killed a fire giant
  3152 | D        | Reached skill level 23 in Invocations
  3161 | D        | Slain by a death cob

Illustrated notes

Levels and vault maps discovered:
D:        pitsprint [storerooms_1, entrance_room_1, metal_vault_2, armoury_2,
          mini_pit_1, grid_room_1, main_hall_1, silver_pit, the_coven_3,
          the_vestibule_1, steel_vault_5, golden_pit, hallway_of_sentries,
          crystal_vault_6, iron_vault_2, final_vault]

Skill      XL: |  1  2  3  4  5  6  7  8  9 10 11 12 |
---------------+-------------------------------------+-----
Axes           | 3 5 7 8 10 11 12 14 16 17 | 17.3
Invocations    | 2 6 9 10 13 15 16 19 21 23 | 23.3
Fighting       | 4 5 7 8 9 10 11 13 14 15 | 15.9
Armour         | 5 6 7 8 9 10 12 13 14 | 14.7
Shields        | 5 6 7 8 9 10 12 13 14 | 14.8

Action                     |  1- 3 |  4- 6 |  7- 9 | 10-12 || total
---------------------------+-------+-------+-------+-------++-------
  Melee: War axe           |    22 |    52 |    59 |   158 ||   291
 Invoke: Disaster Area     |       |       |     4 |     8 ||    12
    Use: Potion            |       |     5 |     4 |     2 ||    11
 Armour: Scale mail        |    14 |     9 |       |       ||    23
         Plate armour      |       |    24 |    13 |    77 ||   114
  Dodge: Dodged            |    11 |    16 |    17 |    25 ||    69
  Block: Buckler           |    11 |    20 |    24 |   103 ||   158

Table legend: (Time is in decaauts)
 A = Elapsed time spent in this place.
 B = Non-inter-level travel time spent in this place.
 C = Inter-level travel time spent in this place.
 D = Time resting spent in this place.
 E = Time spent auto-exploring this place.
 F = Levels seen in this place.
 G = Mean time per level.
                   A        B        C        D        E       F      G
               +--------+--------+--------+--------+--------+-----+--------+
         Total |   3180 |   3072 |    108 |   2237 |      0 |   1 | 3180.0 |
       Dungeon |   3180 |   3072 |    108 |   2237 |      0 |   1 | 3180.0 |
               +--------+--------+--------+--------+--------+-----+--------+

Top non-repeatable levels by time:
       D: 3180 daAuts
